 Dungeon Crawl Stone Soup version 0.30.1-4-g462c640d31 (webtiles) character file.

Game seed: 5748829500111527898

917 kingsuperguy the Cleaver (level 8, 0/70 HPs)
             Began as a Hill Orc Fighter on Aug 24, 2023.
             Was an Initiate of Beogh.
             Slain by a sky beast (6 damage)
             ... on level 6 of the Dungeon on Aug 25, 2023.
             The game lasted 00:09:56 (5733 turns).

kingsuperguy the Cleaver (Hill Orc Fighter)         Turns: 5733, Time: 00:09:57

Health: 0/70       AC:  9    Str: 21    XL:     8   Next: 9%
Magic:  8/8        EV:  8    Int:  8    God:    Beogh [......]
Gold:   297        SH:  4    Dex: 10    Spells: 7/7 levels left

rFire   . . .        a - +0 war axe
rCold   . . .        c - +0 buckler
rNeg    . . .        x - +0 chain mail
rPois   .            (no helmet)
rElec   .            (no cloak)
rCorr   .            (no gloves)
SInv    .            (no boots)
Will    .....        (no amulet) Stlth
                     (no ring)
HPRegen 0.31/turn    (no ring)
MPRegen 0.11/turn

%: no passive effects
@: brilliant
A: no striking features
a: Renounce Religion


You were on level 6 of the Dungeon.
You worshipped Beogh.
Beogh was noncommittal.
You visited 1 branch of the dungeon, and saw 6 of its levels.
You also visited: Ossuary.

You collected 297 gold pieces.

Inventory:

Hand Weapons
 a - a +0 war axe (weapon)
 s - the +3 whip of the Desolation of Salt {heavy, Drain rElec MP+9 Int+3}
   (You found it on level 3 of the Dungeon)

   Int:       It affects your intelligence (+3).
   rElec:     It insulates you from electricity.
   MP:        It affects your magic capacity (+9).
   Drain:     It drains your maximum health when unequipped.
Missiles
 k - a throwing net (quivered)
Armour
 b - a +0 scale mail
 c - a +0 buckler (worn)
 x - a +0 chain mail (worn)
Jewellery
 r - a ring of protection from cold
Wands
 q - a wand of mindburst (19)
 B - a wand of charming (8)
Scrolls
 e - a scroll of magic mapping {unknown}
 g - 2 scrolls of fog {unknown}
 h - 3 scrolls of torment {unknown}
 l - 9 scrolls of identify {unknown}
 m - 2 scrolls of poison
 u - a scroll of vulnerability {unknown}
 y - a scroll of enchant armour {unknown}
Potions
 j - a potion of magic
 n - a potion of attraction {unknown}
 o - 6 potions of degeneration {unknown}
 p - 3 potions of resistance {unknown}
 t - 2 potions of heal wounds
 v - a potion of lignification {unknown}
 w - 2 potions of flight {unknown}
 z - 2 potions of curing
 A - a potion of mutation {unknown}


   Skills:
 + Level 6.1 Fighting
 + Level 8.2 Axes
 + Level 5.3 Armour
 + Level 1.3 Dodging
 + Level 4.6 Shields


You had 7 spell levels left.
You didn't know any spells.
Your spell library contained the following spells:

 Spells                   Type           Power      Damage    Failure   Level
 Freeze                   Ice            0%         1d3       98%         1
 Sandblast                Erth           0%         2d4       98%         1
 Lesser Beckoning         Tloc           0%         N/A       99%         2
 Passwall                 Tmut/Erth      0%         N/A       99%         2
 Frozen Ramparts          Ice            0%         1d1       100%        3
 Gell's Gravitas          Tloc           0%         N/A       100%        3
 Hailstorm                Conj/Ice       0%         3d3       100%        3
 Stone Arrow              Conj/Erth      0%         3d7       100%        3
 Teleport Other           Tloc           0%         N/A       100%        3


Dungeon Overview and Level Annotations

Branches:
Dungeon (6/15)             Temple (0/1) D:5         Ossuary (visited)

Altars:
Vehumet

Shops:
D:5 (


Message History

You barely miss the water moccasin.
You feel very sick. You block the water moccasin's attack.
You miss the water moccasin.
You feel sick. The water moccasin bites you.
You block the water moccasin's attack.
You closely miss the water moccasin.
You feel sick.
The water moccasin bites you but does no damage.
You miss the water moccasin.
You feel sick. The water moccasin barely misses you.
The water moccasin bites you!
* * * LOW HITPOINT WARNING * * *
A steam dragon comes into view.
You feel much better.
You feel sick. You block the water moccasin's attack.
You feel better. The water moccasin bites you.
The steam dragon breathes steam at you. The ball of steam misses you.
The water moccasin bites you.
You slash the water moccasin!
The water moccasin is heavily wounded.
You are engulfed in a cloud of scalding steam.
The water moccasin bites you!
A sky beast comes into view.
You are engulfed in a cloud of scalding steam.
The water moccasin barely misses you.
As you read the scroll labelled TEUFEN CUZEVU, it crumbles to dust.
You hear a loud clanging noise!
It was a scroll of noise.
You are engulfed in a cloud of scalding steam.
* * * LOW HITPOINT WARNING * * *
You hear a shout!
You hear a loud, deep croak!
You hear a shout!
The water moccasin is engulfed in a cloud of scalding steam.
You block the water moccasin's attack.
The air fills with toxic fumes!
As you read the scroll labelled USEYZA QAVE, it crumbles to dust.
It was a scroll of poison.
You are engulfed in a cloud of scalding steam.
* * * LOW HITPOINT WARNING * * *
The water moccasin is engulfed in a cloud of scalding steam.
The water moccasin barely misses you. The sky beast hits you.
* * * LOW HITPOINT WARNING * * *
The sky beast shocks you.
You die...

#......##.#.# #..
#......##§#.#....
####+####§......+
#.####§.####..
#...§§§##§§
####.§§#§§
#.#§#D# #§#Y#S#
#§§§@#)#
####§#JK# #§##..#
#§§ ##.. ###. ###
##


You could see a steam dragon, a water moccasin and a sky beast.

Vanquished Creatures
  An ice beast (D:5)
  A centaur (D:5)
  An elf zombie (Ossuary)
  2 scorpions
  A howler monkey (D:6)
  A jelly (D:6)
  A gnoll bouda (D:5)
  4 iguanas
  2 hound zombies (Ossuary)
  3 mummies (Ossuary)
  13 gnolls
  4 adders
  A white imp (D:6)
  An ufetubus (D:5)
  4 adder zombies (Ossuary)
  5 dart slugs
  8 orcs
  11 endoplasms
  4 giant cockroaches
  A gnoll zombie (Ossuary)
  4 goblins
  4 hobgoblins
  4 quokkas
  8 ball pythons
  3 bats
  4 frilled lizards
  4 goblin zombies (Ossuary)
  2 hobgoblin zombies (Ossuary)
  5 jackal zombies (Ossuary)
  8 kobolds
  5 kobold zombies (Ossuary)
  2 orc zombies (Ossuary)
  3 quokka zombies (Ossuary)
  5 rats
  5 rat zombies (Ossuary)
135 creatures vanquished.

Notes
Turn   | Place    | Note
-------+----------+-------------------------------------------
     0 | D:1      | kingsuperguy the Hill Orc Fighter began the quest for the
                  | Orb.
     0 | D:1      | Reached XP level 1. HP: 19/19 MP: 1/1
   124 | D:1      | Reached XP level 2. HP: 27/27 MP: 2/2
   124 | D:1      | Found a faded altar of an unknown god.
   319 | D:1      | Reached skill level 3 in Axes
   501 | D:1      | Reached XP level 3. HP: 31/33 MP: 3/3
  1309 | D:2      | Reached XP level 4. HP: 19/41 MP: 4/4
  1752 | D:3      | Reached skill level 4 in Axes
  1766 | D:3      | Reached XP level 5. HP: 23/47 MP: 5/5
  2130 | D:3      | Identified the +3 whip of the Desolation of Salt {heavy,
                  | Drain rElec MP+9 Int+3}
  2740 | D:4      | Found a sand-covered staircase.
  2749 | Ossuary  | Entered an ossuary
  2876 | Ossuary  | Reached skill level 5 in Fighting
  2878 | Ossuary  | Reached skill level 5 in Axes
  2967 | Ossuary  | Reached XP level 6. HP: 35/56 MP: 6/6
  3109 | Ossuary  | Reached skill level 6 in Axes
  3191 | D:4      | Reached skill level 1 in Dodging
  3678 | D:4      | Became a worshipper of Beogh the Brigand
  4115 | D:4      | Reached XP level 7. HP: 61/61 MP: 7/7
  4310 | D:5      | Entered Level 5 of the Dungeon
  4491 | D:5      | Reached skill level 7 in Axes
  4591 | D:5      | Found a staircase to the Ecumenical Temple.
  5350 | D:5      | Reached skill level 5 in Armour
  5369 | D:5      | Found Gulluxot's Weapon Shoppe.
  5499 | D:5      | Found a radiant altar of Vehumet.
  5711 | D:6      | Reached skill level 8 in Axes
  5711 | D:6      | Reached XP level 8. HP: 57/70 MP: 8/8
  5733 | D:6      | Slain by a sky beast

Illustrated notes

Levels and vault maps discovered:
D:1:      evilmike_arrival_hilbert_curve, layout_basic, serial_rivers,
          chequers_serial_rivers_small_b, chequers_serial_rivers_small_b,
          chequers_serial_rivers_micro_b, chequers_serial_rivers_micro_d,
          chequers_serial_rivers_micro_e, chequers_ecumenical_altar_simple
D:2:      layout_basic, hangedman_decor_riveting
D:3:      layout_loops_corners
D:4:      layout_loops_corners, nicolae_ossuary_entry_ruins
D:5:      layout_basic, marbit_many_paths, minmay_temple_entry_offerings,
          serial_shops, nicolae_shop_peninsula
D:6:      layout_basic, minmay_alternating_orb

Skill      XL: |  1  2  3  4  5  6  7  8 |
---------------+-------------------------+-----
Fighting       | 4 5 6 |  6.1
Axes           | 3 4 5 6 8 |  8.2
Shields        | 4 |  4.6
Armour         | 4 5 |  5.3
Dodging        | 1 |  1.3

Action                     |  1- 3 |  4- 6 |  7- 9 || total
---------------------------+-------+-------+-------++-------
  Melee: War axe           |    92 |   222 |    96 ||   410
 Invoke: Convert to Beogh  |       |     1 |       ||     1
    Use: Potion            |       |     5 |     5 ||    10
         Scroll            |       |       |     2 ||     2
 Armour: Scale mail        |    32 |    82 |       ||   114
         Chain mail        |       |    10 |    52 ||    62
  Dodge: Dodged            |    42 |    94 |    55 ||   191
  Block: Buckler           |    25 |    58 |    44 ||   127
